 Dungeon Crawl Stone Soup version 0.32-a0-931-g5a2cda0630 (webtiles) character file.

Game seed: 10700244964829239108

9123 Gorgor the Cleaver (level 11, -4/102 HPs)
             Began as a Minotaur Berserker on Apr 13, 2024.
             Was a High Priest of Trog.
             Slain by a red devil
             ... wielding a +1 trident of venom
              (13 damage)
             ... on level 1 of the Abyss.
             The game lasted 00:22:55 (7973 turns).

Gorgor the Cleaver (Minotaur Berserker)             Turns: 7973, Time: 00:22:56

Health: -4/102     AC: 19    Str: 26    XL:     11   Next: 18%
Magic:  10/10      EV: 17    Int:  4    God:    Trog [*****.]
Gold:   695        SH:  0    Dex: 13    Spells: 10/10 levels left

rFire   . . .        t - +4 hand axe (freeze)
rCold   + . .        (no shield)
rNeg    . . .        k - +1 chain mail
rPois   .            (helmet restricted)
rElec   .            (no cloak)
rCorr   .            (no gloves)
SInv    +            x - +1 pair of boots of Oily Leaves {rC+ Regen+}
Will    .....        i - amulet "Ruom" {Harm *Slow RegenMP+ Str+3 SInv} Stlth
                     g - +4 ring of protection
HPRegen 0.00/turn    w - +5 ring of evasion
MPRegen 0.52/turn

%: slow self (1%), harm (+30% outgoing, +20% incoming)
@: lethally poisoned (-4 -> -18), spiked, sick
A: horns 2, retaliatory headbutt
a: Renounce Religion, Berserk, Trog's Hand, Brothers in Arms


You were on level 1 of the Abyss.
You worshipped Trog.
Trog was extremely pleased with you.
You visited 1 branch of the dungeon, and saw 9 of its levels.
You visited the Abyss 1 time.
You also visited: Sewer and Bailey.

You collected 695 gold pieces.

Inventory:

Hand Weapons
 a - a +0 hand axe
 d - a +1 war axe of flaming
 t - a +4 hand axe of freezing (weapon)
 y - a +0 broad axe
Armour
 b - a +0 animal skin
 k - a +1 chain mail (worn)
 v - a +0 pair of boots of flying
 x - the +1 pair of boots of Oily Leaves (worn) {rC+ Regen+}
   (You found it on level 3 of the Dungeon)

   rC+:       It protects you from cold.
   Regen+:    It increases your rate of health regeneration.
Jewellery
 g - a +4 ring of protection (left hand)
 i - the amulet "Ruom" (around neck) {Harm *Slow RegenMP+ Str+3 SInv}
   (You found it on level 8 of the Dungeon)

   [amulet of magic regeneration]

   It increases your rate of magic regeneration.
   Str+3:     It affects your strength (+3).
   SInv:      It lets you see invisible.
   *Slow:     It may slow you when you take damage.
   Harm:      It increases damage dealt and taken.
   RegenMP+:  It increases your rate of magic regeneration.
 w - a +5 ring of evasion (right hand)
 A - a ring of positive energy
Wands
 n - a wand of paralysis (12)
Scrolls
 e - 2 scrolls of noise
 l - a scroll of teleportation
 o - 3 scrolls of amnesia
 q - 5 scrolls of fog
 u - 2 scrolls of enchant weapon
 B - 3 scrolls of poison
 C - a scroll of identify
 D - a scroll of enchant armour
Potions
 c - a potion of attraction {unknown}
 f - 3 potions of might
 h - 3 potions of curing
 j - a potion of resistance
 m - 3 potions of brilliance
 p - 3 potions of heal wounds
 r - 3 potions of magic
 s - 4 potions of enlightenment
 z - 10 potions of ambrosia


   Skills:
 + Level 11.1 Fighting
 + Level 11.1 Axes
 + Level 10.8 Armour
 + Level 9.9 Dodging


You had 10 spell levels left.
You didn't know any spells.
Your spell library was empty.

Dungeon Overview and Level Annotations

Branches:
Dungeon (9/15)             Temple (0/1) D:5           Sewer (visited)
 Bailey (visited)
   Lair: D:8-11         Orc: D:9-12

Altars:
Elyvilon
Gozag

Shops:
D:1 *   D:3 *

Annotations:
D:9 Erolcha


Innate Abilities, Weirdness & Mutations

You have a pair of horns on your head.
You reflexively headbutt those who attack you in melee.


Message History

Unknown command.
No target in view!
You are suddenly pulled into a different region of the Abyss!
Unknown command.
A red devil comes into view. It is wielding a +1 trident of venom.
The red devil barely misses you. The red devil completely misses you.
The red devil barely misses you.
The red devil hits you but does no damage.
The red devil hits you from afar with a +1 trident of venom.
Barbed spikes become lodged in your body.
The red devil closely misses you.
The red devil hits you from afar with a +1 trident of venom!
More barbed spikes become lodged in your body.
You are poisoned.
You feel very sick.
The red devil hits you from afar with a +1 trident of venom.
More barbed spikes become lodged in your body.
You feel very sick.
The red devil hits you from afar with a +1 trident of venom.
* * * LOW HITPOINT WARNING * * *
More barbed spikes become lodged in your body.
You are more poisoned.
* * * LOW HITPOINT WARNING * * *
You feel very sick. The red devil closely misses you.
* * * LOW HITPOINT WARNING * * *
You feel very sick. The red devil misses you.
* * * LOW HITPOINT WARNING * * *
You feel very sick. The red devil completely misses you.
* * * LOW HITPOINT WARNING * * *
You feel very sick.
The red devil hits you but does no damage.
You are lethally poisoned!
* * * LOW HITPOINT WARNING * * *
You feel very sick.
The red devil hits you from afar with a +1 trident of venom!
You die...

..# ####
.....#..#
#...@#
#....#.#.#
..# #..
4.# ##.
...# ##
#..# .#.
.#.. ## #.


You could see a red devil.

Vanquished Creatures
  An orc knight (Bailey)
  The ghost of funkygono the Firebug, a novice GrFE of Sif Muna (D:6)
  A queen bee (D:9)
  Sigmund (D:5)
  10 yaks
  Eustachio (D:6)
  A wyvern (D:9)
  Grum (D:8)
  2 steam dragons
  A water moccasin (D:7)
  3 ice beasts
  7 orc warriors
  4 black bears
  A crocodile (Sewer)
  3 ogres
  3 wolves (D:8)
  A phantom (D:4)
  3 kobold brigands
  A brain worm (Sewer)
  5 bullfrogs
  3 scorpions
  13 wights
  31 killer bees (D:9)
  A howler monkey (D:6)
  3 bombardier beetles
  5 orc priests
  4 hounds
  2 jellies
  An iguana (D:5)
  5 orc wizards
  3 sleepcaps
  A mummy (D:4)
  10 adders
  2 gnolls (Bailey)
  3 river rats (Sewer)
  A white imp (D:6)
  4 ufetubi (D:5)
  2 dart slugs (D:3)
  2 ribbon worms
  36 orcs
  8 ball pythons
  4 endoplasms
  3 giant cockroaches
  14 goblins
  6 hobgoblins
  6 jackals
  5 quokkas
  5 bats
  8 frilled lizards
  2 hobgoblin zombies (D:4)
  23 kobolds
  A kobold zombie (D:4)
  An orc zombie (D:4)
  8 rats
277 creatures vanquished.

Notes
Turn   | Place    | Note
-------+----------+-------------------------------------------
     0 | D:1      | Gorgor the Minotaur Berserker began the quest for the Orb.
     0 | D:1      | Reached XP level 1. HP: 19/19 MP: 0/0
     7 | D:1      | Found Waunosae's Assorted Antiques.
   171 | D:1      | Reached XP level 2. HP: 27/27 MP: 1/1
   257 | D:1      | Reached ** piety under Trog
   509 | D:1      | Reached XP level 3. HP: 33/33 MP: 2/2
   930 | D:2      | Found a faded altar of an unknown god.
  1501 | D:3      | Identified the +1 pair of boots of Oily Leaves {rC+ Regen+}
  1590 | D:3      | Reached XP level 4. HP: 40/40 MP: 3/3
  1634 | D:3      | Reached *** piety under Trog
  1784 | D:3      | You fall into a shaft and drop 3 floors!
  1821 | D:6      | Noticed a black bear
  1829 | D:6      | Killed a black bear
  1830 | D:6      | Reached XP level 5. HP: 39/47 MP: 4/4
  1878 | D:6      | Reached skill level 5 in Axes
  1884 | D:6      | Reached skill level 5 in Fighting
  2021 | D:6      | Noticed an ogre
  2028 | D:6      | Killed an ogre
  2029 | D:6      | Reached XP level 6. HP: 30/56 MP: 5/5
  2222 | D:6      | Found a glowing drain.
  2249 | Sewer    | Entered a sewer
  2313 | Sewer    | Reached skill level 5 in Armour
  2313 | Sewer    | Reached XP level 7. HP: 50/62 MP: 6/6
  2636 | Sewer    | Reached skill level 5 in Dodging
  3452 | D:6      | Noticed Eustachio
  3461 | D:6      | Reached XP level 8. HP: 71/71 MP: 7/7
  3470 | D:6      | Killed Eustachio
  3590 | D:6      | Reached **** piety under Trog
  3869 | D:6      | Found a runed translucent door.
  3922 | D:6      | Noticed funkygono's ghost (novice GrFE)
  4174 | D:6      | Reached XP level 9. HP: 75/81 MP: 8/8
  4419 | D:5      | Entered Level 5 of the Dungeon
  4552 | D:5      | Found a staircase to the Ecumenical Temple.
  4576 | D:5      | Noticed Sigmund
  4581 | D:5      | Killed Sigmund
  5452 | D:3      | Found Feil Boe's General Store.
  5988 | D:6      | Killed funkygono's ghost
  6043 | D:7      | Reached ***** piety under Trog
  6045 | D:7      | Reached XP level 10. HP: 89/91 MP: 9/9
  6101 | D:7      | Found a flagged portal.
  6119 | Bailey   | Entered a bailey
  6285 | Bailey   | Noticed an orc knight
  6296 | Bailey   | Killed an orc knight
  6698 | D:7      | Reached skill level 10 in Axes
  6709 | D:7      | Reached skill level 10 in Fighting
  6747 | D:7      | Found a white marble altar of Elyvilon.
  6753 | D:7      | Found an opulent altar of Gozag.
  6968 | D:8      | Reached skill level 10 in Armour
  7053 | D:8      | Noticed Grum
  7058 | D:8      | Received a gift from Trog
  7069 | D:8      | Killed Grum
  7070 | D:8      | Identified the amulet "Ruom" {Harm *Slow RegenMP+ Str+3
                  | SInv}
  7520 | D:9      | Reached XP level 11. HP: 101/101 MP: 10/10
  7560 | D:9      | Received a gift from Trog
  7726 | D:9      | Noticed Erolcha
  7727 | D:9      | Noticed a two-headed ogre
  7746 | Abyss:1  | Cast into level 1 of the Abyss (Erolcha)
  7750 | Abyss:1  | Found a corrupted altar of Lugonu.
  7791 | Abyss:1  | Noticed an obsidian bat
  7973 | Abyss:1  | Slain by a red devil

Illustrated notes

Levels and vault maps discovered:
D:1:      dpeg_arrival_tiny_f, layout_basic, serial_shops,
          nicolae_shop_overgrown_old_shop
D:2:      layout_rooms, shapermc_ecumenical_altar_mp_ritualfount,
          bh_walls_and_bars
D:3:      layout_loops_ring, serial_shops, shop, guppyfry_early_orc_mine
D:4:      layout_rooms, serial_glass, glass_columns_a, glass_columns_a,
          glass_columns_a, glass_columns_a, glass_columns_c, glass_columns_a,
          minmay_mini_ossuary
D:5:      layout_rooms, minmay_temple_entry_gardened_gates, uniq_sigmund
D:6:      layout_loops_corners, gup_sewer_entry_glass, ebering_ghost_sewer_d,
          uniq_eustachio
D:7:      layout_cave_pools, mainiacjoe_overflow_big_doors, enter_bailey_5
D:8:      layout_cave_pools, uniq_grum
D:9:      layout_roguey [special_room_bee], pf_just_have_faith,
          serial_bayou_pond_e, uniq_erolcha
Abyss:1:  base: D:4, hangedman_cross_veins, evilmike_abyss_exit_plants

Skill      XL: |  1  2  3  4  5  6  7  8  9 10 11 |
---------------+----------------------------------+-----
Axes           | 4 5 6 8 9 10 11 | 11.1
Fighting       | 4 5 6 7 9 10 11 | 11.1
Armour         | 3 4 5 6 7 9 10 | 10.8
Dodging        | 3 4 5 6 8 9 |  9.9

Action                     |  1- 3 |  4- 6 |  7- 9 | 10-12 || total
---------------------------+-------+-------+-------+-------++-------
  Melee: Hand axe          |    16 |       |   145 |   234 ||   395
         Headbutt          |     8 |    12 |    51 |    52 ||   123
         War axe           |    71 |    81 |    95 |       ||   247
 Invoke: Berserk           |       |     1 |     6 |     3 ||    10
    Use: Scroll            |     6 |       |    13 |     4 ||    23
 Armour: Animal skin       |    54 |       |       |       ||    54
         Chain mail        |    13 |    68 |   162 |   136 ||   379
  Dodge: Dodged            |    62 |    33 |   130 |   242 ||   467

Table legend: (Time is in decaauts)
 A = Elapsed time spent in this place.
 B = Non-inter-level travel time spent in this place.
 C = Inter-level travel time spent in this place.
 D = Time resting spent in this place.
 E = Time spent auto-exploring this place.
 F = Levels seen in this place.
 G = Mean time per level.
                   A        B        C        D        E       F      G
               +--------+--------+--------+--------+--------+-----+--------+
         Total |   8215 |   7555 |    660 |      0 |   5515 |  12 |  684.6 |
       Dungeon |   6589 |   5929 |    660 |      0 |   4659 |   9 |  732.1 |
         Abyss |    240 |    240 |      0 |      0 |      0 |   1 |  240.0 |
         Sewer |   1033 |   1033 |      0 |      0 |    850 |   1 | 1033.0 |
        Bailey |    352 |    352 |      0 |      0 |      6 |   1 |  352.0 |
               +--------+--------+--------+--------+--------+-----+--------+

Top non-repeatable levels by time:
     D:6: 1927 daAuts
   Sewer: 1033 daAuts
     D:3: 927 daAuts
     D:1: 716 daAuts
     D:2: 698 daAuts
     D:4: 575 daAuts
     D:7: 537 daAuts
     D:8: 466 daAuts
     D:5: 405 daAuts
  Bailey: 352 daAuts
     D:9: 334 daAuts
 Abyss:1: 240 daAuts
